 Dungeon Crawl Stone Soup version 0.23.1 (webtiles) character file.

Game seed: 12192308014726023033

2333 Revguard the Cleaver (level 9, -2/67 HPs)
             Began as a Demonspawn Gladiator on Mar 7, 2019.
             Was a Follower of Makhleb.
             Slain by a two-headed ogre
             ... wielding a +0 giant club
              (13 damage)
             ... on level 8 of the Dungeon.
             The game lasted 00:26:56 (6512 turns).

Revguard the Cleaver (Demonspawn Gladiator)         Turns: 6512, Time: 00:26:56

Health: -2/67      AC: 16    Str: 17    XL:     9   Next: 19%
Magic:  11/11      EV: 11    Int: 15    God:    Makhleb [*.....]
Gold:   558        SH:  0    Dex: 15    Spells: 8/8 levels left

rFire    . . .     SeeInvis .   a - +1 war axe
rCold    . . .     Gourm    .   (no shield)
rNeg     . . .     Faith    .   v - +0 plate armour
rPois    .         Spirit   .   k - +1 helmet {Int+3}
rElec    .         Reflect  .   (no cloak)
rCorr    .         Harm     .   m - +1 pair of gloves
MR       .....                  (boots unavailable)
Stlth    ..........             g - amulet of magic regeneration
HPRegen  0.21/turn              (no ring)
MPRegen  0.37/turn              (no ring)

@: studying Stealth, lightly drained, repel missiles
A: hooves 3, repulsion field 3, clever 1, powered by death 2
a: Renounce Religion


You were on level 8 of the Dungeon.
You worshipped Makhleb.
Makhleb was aware of your devotion.
You were hungry.

You visited 2 branches of the dungeon, and saw 9 of its levels.
You also visited: Sewer.

You collected 558 gold pieces.

Inventory:

Hand Weapons
 a - a +1 war axe (weapon)
 q - the +3 hand axe of Context {pain, rF+ MR+ Str-5 Stlth+}
   (You found it on level 4 of the Dungeon)

   In the hands of one skilled in necromantic magic, it inflicts extra damage on
   living creatures.
   It affects your strength (-5).
   It protects you from fire.
   It affects your resistance to hostile enchantments.
   It makes you more stealthy.
Missiles
 d - 4 throwing nets (quivered)
Armour
 k - a +1 helmet of intelligence (worn)
 m - a +1 pair of gloves (worn)
 v - a +0 plate armour (worn)
Jewellery
 g - an amulet of magic regeneration (around neck)
Wands
 o - a wand of disintegration (8)
Scrolls
 b - a scroll of amnesia
 e - 5 scrolls of teleportation
 i - 6 scrolls of identify
 j - 4 scrolls of fog
 s - a scroll of blinking
 u - a scroll of immolation
 x - a scroll of enchant weapon
 y - a scroll of random uselessness
 z - a scroll of acquirement {unknown}
Potions
 h - 6 potions of curing
 p - 2 potions of degeneration
 r - a potion of might
 B - a potion of ambrosia {unknown}
Books
 w - a manual of Stealth
Comestibles
 f - 10 rations


   Skills:
 + Level 4.9(4.5) Fighting
 + Level 8.6(8.1) Axes
 - Level 1.7(1.3) Throwing
 + Level 4.4(3.9) Armour
 + Level 4.8(4.4) Dodging
 * Level 3.2(2.8) Invocations


You had 8 spell levels left.
You didn't know any spells.
Your spell library contained the following spells:

 Spells                   Type           Power        Failure   Level  Hunger
 Animate Skeleton         Necr           N/A          100%        1    ##.....
 Apportation              Tloc           #.....       100%        1    ##.....
 Confusing Touch          Hex            #.....       100%        1    ##.....
 Summon Small Mammal      Summ           #...         100%        1    ##.....


Dungeon Overview and Level Annotations

Branches:
Dungeon (8/15)             Temple (1/1) D:6
   Lair: D:8-11

Altars:
Cheibriados
Dithmenos
Fedhas
Gozag
Hepliaklqana
Kikubaaqudgha
Makhleb
Nemelex Xobeh
Okawaru
Qazlal
Ru
Sif Muna
Trog
Uskayaw
Xom
Zin
The Shining One

Shops:
D:5 =   D:6 ?%([[

Annotations:
D:6 Prince Ribbit


Innate Abilities, Weirdness & Mutations

You have hooves in place of feet.
You are surrounded by a strong repulsion field. (EV +4, RMsl)
You regenerate health from kills.
Your mind is acute. (Int +2)


Message History

The two-headed ogre hits you with a +0 giant club! x2
* * * LOW HITPOINT WARNING * * *
The adder skeleton completely misses you.
You hit the two-headed ogre.
The two-headed ogre is severely wounded.
You hit the adder skeleton.
You destroy the adder skeleton!
Makhleb accepts your kill.
The two-headed ogre hits you with a +0 giant club!
* * * LOW HITPOINT WARNING * * *
The two-headed ogre closely misses you.
You hit the two-headed ogre. Your kick misses the two-headed ogre.
The two-headed ogre is severely wounded.
You hit the two-headed ogre.
The two-headed ogre is almost dead.
The two-headed ogre closely misses you. The two-headed ogre misses you.
You slash the two-headed ogre! You kick the two-headed ogre.
The two-headed ogre is almost dead.
The two-headed ogre hits you with a +0 giant club!
You die...

##.# ...#
#..# #..#
#..#
######..#
#.....O.#
#@# #.#
#.# #.#
..# ####


You could see a two-headed ogre.

Vanquished Creatures
  Sigmund (D:3)
  Purgy (Sewer)
  A phantom (D:7)
  2 necrophages (D:6)
  2 sky beasts
  An orc warrior (Temple)
  3 centaurs
  2 bullfrogs
  A scorpion (D:8)
  5 wights (D:7)
  A howler monkey (D:6)
  A crimson imp (D:6)
  A gnoll shaman (D:4)
  A hound (D:6)
  4 orc priests
  2 centaur skeletons
  A jelly (D:6)
  An iguana (D:6)
  7 orc wizards
  2 worker ants
  5 gnolls
  A howler monkey skeleton (D:4)
  12 adders
  2 shadow imps
  An adder skeleton (D:8)
  4 worms (D:2)
  2 dart slugs
  4 leopard geckos
  19 orcs
  4 giant cockroaches
  7 goblins
  9 hobgoblins
  18 jackals
  3 quokkas
  3 ball pythons
  6 bats
  3 frilled lizards
  9 kobolds
  7 rats
159 creatures vanquished.

Notes
Turn   | Place    | Note
-------+----------+-------------------------------------------
     0 | D:1      | Revguard the Demonspawn Gladiator began the quest for the
                  | Orb.
     0 | D:1      | Reached XP level 1. HP: 16/16 MP: 1/1
   194 | D:1      | Reached skill level 3 in Axes
   194 | D:1      | Gained mutation: You regenerate a little health from kills.
                  | [demonic ancestry]
   194 | D:1      | Reached XP level 2. HP: 16/22 MP: 2/2
   805 | D:1      | Gained mutation: You are surrounded by a mild repulsion
                  | field. (EV +2) [demonic ancestry]
   805 | D:1      | Reached XP level 3. HP: 27/27 MP: 3/3
   944 | D:2      | Found a faded altar of an unknown god.
   947 | D:2      | Became a worshipper of Xom of Chaos
   948 | D:2      | Fell from the grace of Xom
  1239 | D:2      | Gained mutation: You have large cloven feet. [demonic
                  | ancestry]
  1239 | D:2      | Reached XP level 4. HP: 34/34 MP: 4/4
  1628 | D:2      | Reached skill level 1 in Armour
  1649 | D:2      | Reached skill level 4 in Axes
  1675 | D:2      | XOM: give mutation
  1675 | D:2      | Gained mutation: Armour fits poorly on your strangely
                  | shaped body. [Xom's mischief]
  1860 | D:3      | You fall through a shaft for 2 floors!
  1860 | D:5      | Entered Level 5 of the Dungeon
  1860 | D:5      | Found Berux's Jewellery Boutique.
  1908 | D:5      | Gained mutation: You are surrounded by a moderate repulsion
                  | field. (EV +3) [demonic ancestry]
  1908 | D:5      | Reached XP level 5. HP: 39/39 MP: 5/5
  2248 | D:5      | XOM: mild Tloc miscast
  2510 | D:5      | Found a shimmering altar of Xom.
  2527 | D:5      | XOM: noise
  2993 | D:4      | Got a crude hand axe
  2994 | D:4      | Identified the +3 hand axe of Context {pain, rF+ MR+ Str-5
                  | Stlth+} (You found it on level 4 of the Dungeon)
  3078 | D:4      | Found a glowing drain.
  3096 | Sewer    | Entered a sewer
  3108 | Sewer    | Noticed Purgy
  3125 | Sewer    | Killed Purgy
  3125 | Sewer    | Gained mutation: You regenerate health from kills. [demonic
                  | ancestry]
  3125 | Sewer    | Reached XP level 6. HP: 27/47 MP: 6/6
  3140 | Sewer    | Lost mutation: Armour fits poorly on your strangely shaped
                  | body. [potion of mutation]
  3140 | Sewer    | Gained mutation: You have hoof-like feet. [potion of
                  | mutation]
  3140 | Sewer    | Gained mutation: You have hooves in place of feet. [potion
                  | of mutation]
  3140 | Sewer    | Gained mutation: Your mind is acute. (Int +2) [potion of
                  | mutation]
  3358 | D:4      | XOM: medium Summ miscast
  3359 | D:4      | Noticed a spatial vortex
  3359 | D:4      | Noticed a spatial vortex
  3679 | D:4      | Reached skill level 5 in Axes
  4026 | D:3      | Noticed Sigmund
  4067 | D:3      | Killed Sigmund
  4067 | D:3      | Reached XP level 7. HP: 27/52 MP: 7/7
  4070 | D:3      | XOM: god gift: 30 gold pieces
  4613 | D:6      | Reached skill level 6 in Axes
  4745 | D:6      | Found Heosoem's Antique Armour Shoppe.
  4776 | D:6      | Found Kaolaxtu's Armour Emporium.
  4885 | D:6      | Found Witriz's Antique Weapon Shop.
  4899 | D:6      | Found a staircase to the Ecumenical Temple.
  4909 | D:6      | Reached XP level 8. HP: 60/60 MP: 8/8
  4940 | Temple   | Entered the Ecumenical Temple
  4945 | Temple   | Reached skill level 7 in Axes
  5171 | Temple   | Became a worshipper of Makhleb the Destroyer
  5246 | D:6      | Found Tetupt's Magic Scroll Shoppe.
  5249 | D:6      | Noticed Prince Ribbit
  5299 | D:6      | Reached skill level 1 in Invocations
  5333 | D:6      | Found Ihier's Food Shop.
  5435 | D:6      | Found a deep blue altar of Sif Muna.
  5479 | D:6      | Reached skill level 8 in Axes
  5757 | D:7      | Found a glowing golden altar of the Shining One.
  5865 | D:7      | Reached * piety under Makhleb
  5878 | D:7      | Gained mutation: You are surrounded by a strong repulsion
                  | field. (EV +4, RMsl) [demonic ancestry]
  5878 | D:7      | Reached XP level 9. HP: 60/66 MP: 10/10
  6500 | D:8      | XOM: 1-stop teleportation journey
  6501 | D:8      | Noticed a two-headed ogre
  6512 | D:8      | Slain by a two-headed ogre

Skill      XL: |  1  2  3  4  5  6  7  8  9 |
---------------+----------------------------+-----
Axes           | 3 4 5 6 8 |  8.6
Dodging        | 3 4 |  4.8
Armour         | 1 2 3 4 |  4.4
Fighting       | 3 4 |  4.9
Invocations    | 2 3 |  3.2
Throwing       | |  1.7

Action                   |  1- 3 |  4- 6 |  7- 9 || total
-------------------------+-------+-------+-------++-------
Melee: War axe           |   117 |   236 |   248 ||   601
       Kick              |       |    20 |    78 ||    98
Invok: Renounce Religion |     1 |       |       ||     1
  Use: Potion            |       |     9 |     1 ||    10
       Scroll            |       |     7 |     4 ||    11
 Stab: Sleeping          |     1 |     2 |       ||     3
  Eat: Chunk             |     1 |     9 |     5 ||    15
       Ration            |       |       |     1 ||     1
Armor: Leather armour    |    44 |    56 |       ||   100
       Scale mail        |       |    43 |    26 ||    69
       Plate armour      |       |       |    99 ||    99
Dodge: Dodged            |    97 |   245 |   130 ||   472
